 Dungeon Crawl Stone Soup version 0.21.0 (webtiles) character file.

8361 mopl the Basher (level 11, -28/142 HPs)
             Began as a Minotaur Berserker on Jan 5, 2018.
             Was a High Priest of Trog.
             Annihilated by a white ugly thing (35 damage)
             ... on level 11 of the Dungeon on Jan 6, 2018.
             The game lasted 00:17:18 (8202 turns).

mopl the Basher (Minotaur Berserker)                Turns: 8202, Time: 00:17:20

Health: -28/142    AC: 17    Str: 28    XL:     11   Next: 8%
Magic:  11/11      EV:  8    Int:  4    God:    Trog [*****.]
Gold:   513        SH:  0    Dex: 12    Spells: 10/10 levels left

rFire    . . .     SeeInvis .   a - +0 great mace
rCold    . . .     Gourm    .   (shield currently unavailable)
rNeg     . . .     Faith    .   M - +0 plate armour
rPois    .         Spirit   .   (helmet restricted)
rElec    .         Reflect  .   I - +0 cloak
rCorr    .         Harm     .   p - +0 pair of gloves
MR       +....                  Y - +0 pair of boots
Stlth    ..........             (no amulet)
HPRegen  0.33/turn              v - ring of loudness (curse)
MPRegen  0.12/turn              J - ring of protection from magic

@: berserking, drained, very quick
A: retaliatory headbutt, horns 2
a: Berserk, Trog's Hand, Brothers in Arms, Burn Spellbooks, Renounce Religion


You were on level 11 of the Dungeon.
You worshipped Trog.
Trog was extremely pleased with you.
You were very hungry.

You visited 2 branches of the dungeon, and saw 12 of its levels.

You collected 513 gold pieces.

Inventory:

Hand Weapons
 a - a +0 great mace (weapon)
 e - a +0 blowgun
 G - the +8 whip "Xibog" {pain, rElec Str+4, unknown}
   (You found it on level 6 of the Dungeon)

   In the hands of one skilled in necromantic magic, it inflicts extra damage on
   living creatures.
   It affects your strength (+4).
   It insulates you from electricity.
 H - a +4 quarterstaff of chaos
Missiles
 j - 2 javelins (quivered)
 t - 7 steel javelins
 w - a throwing net
 y - 5 tomahawks of returning
 A - 19 tomahawks
 F - 3 javelins of penetration
 O - 32 poisoned needles
Armour
 p - a +0 pair of gloves (worn)
 I - a +0 cloak (worn)
 M - a +0 plate armour (worn)
 Q - +0 acid dragon scales
 Y - a +0 pair of boots (worn)
Jewellery
 v - a cursed ring of loudness (left hand)
 J - a ring of protection from magic (right hand)
 R - an uncursed ring of ice
Wands
 k - a wand of paralysis (30)
 K - a wand of clouds (3)
 U - a wand of acid (9)
 Z - a wand of flame (30)
Scrolls
 b - 2 scrolls of enchant weapon {unknown}
 d - 10 scrolls of identify {unknown}
 f - 5 scrolls of magic mapping {unknown}
 h - 2 scrolls of immolation {unknown}
 l - 8 scrolls of remove curse {unknown}
 o - 3 scrolls of teleportation {unknown}
 r - a scroll of random uselessness {unknown}
 B - a scroll of holy word {unknown}
 C - a scroll of fog {unknown}
 L - 2 scrolls of fear {unknown}
 P - a scroll of blinking {unknown}
 S - a scroll of silence {unknown}
 T - 3 scrolls of enchant armour {unknown}
 V - a scroll of amnesia {unknown}
 X - a scroll of summoning {unknown}
Potions
 g - 2 potions of ambrosia {unknown}
 i - 2 potions of invisibility {unknown}
 m - 2 potions of lignification {unknown}
 n - 2 potions of curing {unknown}
 s - 2 potions of heal wounds {unknown}
 u - 2 potions of agility
 x - 3 potions of might {unknown}
 z - 3 potions of magic {unknown}
 D - 3 potions of haste {unknown}
 E - a potion of degeneration {unknown}
 N - a potion of mutation {unknown}
 W - 2 potions of flight {unknown}
Comestibles
 c - 19 rations
 q - 9 chunks of flesh


   Skills:
 + Level 8.9 Fighting
 * Level 14.4 Maces & Flails
 + Level 6.6 Throwing
 + Level 8.4(8.3) Armour
 - Level 2.1 Dodging
 + Level 2.6 Evocations


You had 10 spell levels left.
You didn't know any spells.

Dungeon Overview and Level Annotations

Branches:
Dungeon (11/15)            Temple (1/1) D:6            Lair (0/6) D:9
    Orc (0/2) D:11

Altars:
Ashenzari
Elyvilon
Gozag
Kikubaaqudgha
Makhleb
Nemelex Xobeh
Qazlal
Trog
Vehumet
Xom
Zin
Beogh

Annotations:
D:3 dig


Innate Abilities, Weirdness & Mutations

You reflexively headbutt those who attack you in melee.
You have a pair of horns on your head.


Message History

The white ugly thing is lightly wounded.
You bludgeon the white ugly thing!!
The white ugly thing is heavily wounded.
The white ugly thing engulfs you but does no damage.
Your plate armour prevents you from hitting the white ugly thing.
The white ugly thing is heavily wounded.
The white ugly thing engulfs you. The white ugly thing freezes you!!
You completely miss the white ugly thing.
The white ugly thing is heavily wounded.
The white ugly thing engulfs you.
* * * LOW HITPOINT WARNING * * *
The white ugly thing freezes you!
* * * LOW HITPOINT WARNING * * *
A red film seems to cover your vision as you go berserk!
You feel yourself moving faster!
You feel mighty!
You are feeling very hungry.
The white ugly thing engulfs you!
* * * LOW HITPOINT WARNING * * *
The white ugly thing freezes you!!
You die...

#.. #......... #..#
#......... ..# #..#
#......... ..# #..#
#......... ..# #..#
#......... ..# #..#
#......... ..#
#..#####.........
########..#
#................
...)......#
#.@u(....(.......
..........#
#..#####(........
########..# #..#
#.u....... #..#
#..# #.........
#..# #..#
#......... #..#
#..# #.........
########..#
#..#####.........
.)........#
#.................
))........#
#..................


You could see a white ugly thing.

Vanquished Creatures
  A troll (D:10)
  A hornet (D:10)
  Grinder (D:4)
  A hippogriff (D:8)
  8 yaks
  A wraith (D:11)
  A basilisk (D:11)
  2 water moccasins
  An acid dragon (D:9)
  A porcupine (D:9)
  A sky beast (D:11)
  6 orc warriors
  A hornet zombie (D:7)
  2 phantoms
  An ice beast (D:8)
  5 centaurs
  A black bear (D:7)
  An eye of draining (D:11)
  3 ogres
  A big kobold (D:11)
  3 gnoll sergeants
  5 bullfrogs
  Blork the orc (D:6)
  9 killer bees
  6 scorpions
  5 wights (D:11)
  3 howler monkeys
  2 electric eels (D:7)
  4 crimson imps
  A centaur skeleton (D:10)
  A gnoll shaman (D:7)
  3 hounds
  17 orc wizards
  Crazy Yiuf (D:6)
  2 bullfrog skeletons
  4 jellies
  13 orc priests
  Jessica (D:3)
  Ijyb (D:2)
  3 iguanas
  6 worker ants
  A killer bee zombie (D:7)
  A hound zombie (D:8)
  A hound skeleton (D:5)
  22 gnolls
  A howler monkey skeleton (D:11)
  4 adders
  2 shadow imps
  An ooze (D:1)
  An adder skeleton (D:5)
  3 worms
  2 dart slugs
  4 leopard geckos
  71 orcs
  A ball python (D:1)
  8 bats
  2 giant cockroaches
  12 goblins
  10 hobgoblins
  2 jackals (D:4)
  12 quokkas
  A frilled lizard (D:2)
  A jackal skeleton (D:4)
  8 kobolds
  A leopard gecko skeleton (D:4)
  8 rats
311 creatures vanquished.

Vanquished Creatures (collateral kills)
  2 killer bees (D:10)
2 creatures vanquished.

Grand Total: 313 creatures vanquished

Notes
Turn   | Place    | Note
-------+----------+-------------------------------------------
     0 | D:1      | mopl the Minotaur Berserker began the quest for the Orb.
     0 | D:1      | Reached XP level 1. HP: 19/19 MP: 0/0
    63 | D:1      | Reached skill level 4 in Maces & Flails
   144 | D:1      | Reached XP level 2. HP: 26/26 MP: 1/1
   306 | D:1      | Reached skill level 5 in Maces & Flails
   396 | D:1      | Reached XP level 3. HP: 31/31 MP: 2/2
   509 | D:2      | Reached ** piety under Trog
   528 | D:2      | Found a faded altar of an unknown god.
   626 | D:2      | Found a bloodstained altar of Trog.
   728 | D:2      | Noticed Ijyb
   738 | D:2      | Paralysed by Ijyb for 7 turns
   753 | D:2      | Paralysed by Ijyb for 7 turns
   761 | D:2      | Killed Ijyb
   761 | D:2      | Reached skill level 6 in Maces & Flails
   761 | D:2      | Reached XP level 4. HP: 27/39 MP: 3/3
   891 | D:2      | Found an opulent altar of Gozag.
  1460 | D:3      | Reached XP level 5. HP: 45/45 MP: 4/4
  1486 | D:3      | Reached skill level 7 in Maces & Flails
  1508 | D:3      | Reached *** piety under Trog
  1575 | D:3      | Noticed Jessica
  1583 | D:3      | Killed Jessica
  1647 | D:3      | Found a glowing silver altar of Zin.
  1671 | D:3      | Received a gift from Trog
  1674 | D:3      | Reached skill level 8 in Maces & Flails
  1678 | D:3      | Reached XP level 6. HP: 34/51 MP: 5/5
  1783 | D:3      | Found a white marble altar of Elyvilon.
  1783 | D:3      | Found a shimmering altar of Xom.
  2150 | D:4      | Noticed Grinder
  2167 | D:4      | Killed Grinder
  2167 | D:4      | Reached skill level 9 in Maces & Flails
  2167 | D:4      | Reached XP level 7. HP: 45/57 MP: 6/6
  2210 | D:4      | Reached skill level 10 in Maces & Flails
  2584 | D:5      | Entered Level 5 of the Dungeon
  2817 | D:5      | Noticed a water elemental
  2819 | D:5      | Found a stormy altar of Qazlal.
  2820 | D:5      | Noticed an air elemental
  2820 | D:5      | Noticed a fire elemental
  2848 | D:5      | Found a sparkling altar of Nemelex Xobeh.
  2995 | D:5      | Reached skill level 1 in Throwing
  3024 | D:5      | Reached skill level 4 in Fighting
  3352 | D:6      | Found an ancient bone altar of Kikubaaqudgha.
  3372 | D:6      | Reached skill level 3 in Armour
  3456 | D:6      | Reached XP level 8. HP: 55/67 MP: 7/7
  3538 | D:6      | Found a burning altar of Makhleb.
  3540 | D:6      | Reached skill level 2 in Throwing
  3594 | D:6      | Found a staircase to the Ecumenical Temple.
  3612 | Temple   | Entered the Ecumenical Temple
  3667 | D:6      | Noticed Blork the orc
  3672 | D:6      | Killed Blork the orc
  3672 | D:6      | Reached skill level 11 in Maces & Flails
  3672 | D:6      | Reached skill level 4 in Armour
  3715 | D:6      | Got a jewelled whip
  3783 | D:6      | Found a runed door.
  3787 | D:6      | Noticed Crazy Yiuf
  3790 | D:6      | Killed Crazy Yiuf
  3937 | D:7      | Reached skill level 5 in Fighting
  3957 | D:7      | Reached **** piety under Trog
  3972 | D:7      | Found a radiant altar of Vehumet.
  4054 | D:7      | Reached skill level 3 in Throwing
  4217 | D:7      | Reached skill level 5 in Armour
  4238 | D:7      | Reached XP level 9. HP: 40/75 MP: 8/8
  4586 | D:7      | Reached skill level 6 in Fighting
  4666 | D:8      | Reached skill level 12 in Maces & Flails
  4741 | D:8      | Reached skill level 4 in Throwing
  4802 | D:8      | Reached skill level 6 in Armour
  4820 | D:8      | Reached skill level 7 in Fighting
  4945 | D:8      | Paralysed by a gnoll for 7 turns
  5235 | D:8      | Reached skill level 5 in Throwing
  5242 | D:8      | Found a shattered altar of Ashenzari.
  5318 | D:8      | Reached skill level 13 in Maces & Flails
  5566 | D:8      | Reached XP level 10. HP: 86/86 MP: 9/9
  5669 | D:8      | Reached skill level 7 in Armour
  5950 | D:9      | Received a gift from Trog
  6427 | D:9      | Found a staircase to the Lair.
  6498 | D:10     | Entered Level 10 of the Dungeon
  6520 | D:10     | Reached skill level 8 in Fighting
  6797 | D:10     | Reached skill level 1 in Evocations
  7215 | D:10     | Reached skill level 6 in Throwing
  7637 | D:11     | Reached skill level 14 in Maces & Flails
  7681 | D:11     | Reached skill level 8 in Armour
  7681 | D:11     | Reached skill level 2 in Evocations
  7692 | D:11     | Received a gift from Trog
  7956 | D:11     | Reached XP level 11. HP: 90/95 MP: 11/11
  8001 | D:11     | Found a roughly hewn altar of Beogh.
  8001 | D:11     | Found a staircase to the Orcish Mines.
  8039 | D:11     | Reached ***** piety under Trog
  8187 | D:11     | Noticed a white ugly thing
  8202 | D:11     | HP: 7/142 [white ugly thing (10)]
  8202 | D:11     | Annihilated by a white ugly thing

Skill      XL: |  1  2  3  4  5  6  7  8  9 10 |
---------------+-------------------------------+-----
Maces & Flails | 4 5 6 8 9 10 11 13 14 | 14.4
Throwing       | 1 3 5 6 |  6.6
Fighting       | 4 5 7 8 |  8.9
Armour         | 3 5 6 8 |  8.4
Evocations     | 2 |  2.6
Dodging        | |  2.1

Action                   |  1- 3 |  4- 6 |  7- 9 | 10-12 || total
-------------------------+-------+-------+-------+-------++-------
Melee: Mace              |    68 |    29 |       |       ||    97
       Headbutt          |    13 |    20 |    50 |    62 ||   145
       Morningstar       |       |    96 |   289 |   206 ||   591
       Great mace        |       |       |       |    99 ||    99
Throw: Javelin           |       |       |       |     5 ||     5
Invok: Berserk           |     1 |     2 |     6 |     7 ||    16
       Trog's Hand       |       |     1 |     4 |     4 ||     9
       Brothers in Arms  |       |       |       |     1 ||     1
  Eat: Chunk             |       |     7 |    18 |    17 ||    42
Armor: Chain mail        |    46 |    53 |   133 |       ||   232
       Plate armour      |       |       |    63 |   247 ||   310
Dodge: Dodged            |    42 |    49 |   118 |   140 ||   349
